 Dungeon Crawl Stone Soup version 0.23-a0-704-g7fdf9c5 (webtiles) character file.

35931 emperorscorpion the Bewitcher (level 13, 0/88 HPs)
             Began as a Vampire Enchanter on Jan 14, 2019.
             Was the Champion of Dithmenos.
             Slain by a blink frog (13 damage)
             ... on level 1 of the Lair of Beasts on Jan 15, 2019.
             The game lasted 01:13:03 (20127 turns).

emperorscorpion the Bewitcher (Vampire Enchanter)  Turns: 20127, Time: 01:13:04

Health: 0/88       AC:  7    Str:  7    XL:     13   Next: 50%
Magic:  25/38      EV: 17    Int: 21    God:    Dithmenos [******]
Gold:   2007       SH:  0    Dex: 20    Spells: 17/36 levels left

rFire    + . .     SeeInvis +   M - +1 dagger "Voigug" {drain, Fragile rElec Dex+4} (curse)
rCold    + + .     Gourm    .   (no shield)
rNeg     + + .     Faith    .   h - +2 robe {rC+ rF+}
rPois    +         Spirit   .   k - +2 hat
rElec    +         Reflect  .   v - +0 cloak
rCorr    .         Harm     .   (no gloves)
MR       ++...                  (no boots)
Stlth    +++++++++.             (no amulet)
HPRegen  0.12/turn              j - ring of magical power
MPRegen  0.26/turn              n - ring of protection from magic

@: regenerating slowly, wreathed by umbra
A: fangs 3, horns 1, see invisible, unbreathing
a: Bat Form, Shadow Step, Shadow Form, Renounce Religion


You were on level 1 of the Lair of Beasts.
You worshipped Dithmenos.
Dithmenos was exalted by your worship.
You were very thirsty.

You visited 4 branches of the dungeon, and saw 17 of its levels.
You also visited: Ossuary.

You collected 2127 gold pieces.
You spent 120 gold pieces at shops.

Inventory:

Hand Weapons
 E - the cursed +3 dagger of Ukhloubra {drain, rC+}
   (You found it on level 12 of the Dungeon)

   A truly terrible weapon, it drains the life of those it strikes.
   It protects you from cold.
   It has a curse placed upon it.
 M - the cursed +1 dagger "Voigug" (weapon) {drain, Fragile rElec Dex+4}
   (You found it on level 9 of the Dungeon)

   A truly terrible weapon, it drains the life of those it strikes.
   It affects your dexterity (+4).
   It insulates you from electricity.
   It will be destroyed if unequipped.
   It has a curse placed upon it.
 P - a +1 dagger of speed
 X - a +1 scimitar of flaming
Missiles
 o - 34 poisoned needles
 D - 60 tomahawks (quivered)
 L - 3 silver tomahawks
 O - 7 needles of frenzy
 Y - 5 javelins
Armour
 a - a +0 troll leather armour
 e - a cursed +0 ring mail
 h - a +2 robe of resistance (worn)
 k - a +2 hat (worn)
 v - a +0 cloak (worn)
 y - a +0 helmet
 A - a cursed +0 ring mail
 B - a +0 shield
 T - the +0 helmet of a bailey {*Contam +Blink rPois Str-3}
   (You acquired it on level 10 of the Dungeon)

   It affects your strength (-3).
   It protects you from poison.
   It lets you blink.
   It causes magical contamination when unequipped.
Jewellery
 j - a ring of magical power (left hand)
 m - an uncursed ring of protection from fire
 n - a ring of protection from magic (right hand)
 R - an uncursed ring of fire
 U - an uncursed ring of resist corrosion
Wands
 b - a wand of disintegration (15)
 l - a wand of flame (35)
 F - a wand of digging (6)
 G - a wand of polymorph (3)
 W - a wand of random effects (13)
 Z - a wand of iceblast (19)
Scrolls
 f - 2 scrolls of blinking
 s - 12 scrolls of teleportation
 z - a scroll of immolation
 C - 2 scrolls of magic mapping
 I - a scroll of enchant armour
 K - 5 scrolls of remove curse
 Q - a scroll of enchant weapon
 V - a scroll of identify
Potions
 c - 6 potions of heal wounds
 d - 46 potions of blood
 g - 2 potions of invisibility
 i - 3 potions of might
 p - 5 potions of haste
 q - 5 potions of mutation
 r - 6 potions of lignification
 t - 3 potions of brilliance
 u - 2 potions of ambrosia
 w - 6 potions of curing
 x - 2 potions of berserk rage
 H - a potion of agility
 J - 4 potions of flight
Miscellaneous
 N - a box of beasts
 S - a crystal ball of energy


   Skills:
 + Level 4.2 Fighting
 + Level 7.7 Short Blades
 + Level 1.7 Throwing
 + Level 6.2 Dodging
 - Level 10.0 Stealth
 + Level 12.2 Spellcasting
 + Level 1.6 Conjurations
 + Level 17.6 Hexes
 + Level 0.5 Charms
 + Level 0.2 Necromancy
 + Level 7.9 Ice Magic
 + Level 0.2 Evocations


You had 17 spell levels left.
You knew the following spells:

 Your Spells              Type           Power        Failure   Level  Hunger
a - Dazzling Spray        Conj/Hex       ######       1%          3    None
b - Ensorcelled Hibernat  Hex/Ice        ######       1%          2    None
c - Confuse               Hex            ######..     0%          3    None
d - Tukima's Dance        Hex            ######..     0%          3    None
e - Yara's Violent Unrav  Hex/Tmut       #####.....   3%          5    ####...
r - Regeneration          Chrm/Necr      ##........   13%         3    None

Your spell library contained the following spells:

 Spells                   Type           Power        Failure   Level  Hunger
 Confusing Touch          Hex            ######       0%          1    None
 Corona                   Hex            ######.      0%          1    None
 Freeze                   Ice            ####         1%          1    None
 Throw Frost              Conj/Ice       ####..       1%          2    None
 Spectral Weapon          Hex/Chrm       ######..     1%          3    None
 Metabolic Englaciation   Hex/Ice        ######....   1%          5    ####...
 Ozocubu's Armour         Chrm/Ice       ####....     2%          3    None
 Infusion                 Chrm           ###.         4%          1    None
 Sandblast                Erth           ##....       5%          1    None
 Song of Slaying          Chrm           ###.....     6%          2    None
 Shroud of Golubria       Chrm/Tloc      ##........   7%          2    None
 Passwall                 Tmut/Erth      ##......     8%          2    None
 Throw Icicle             Conj/Ice       ####....     8%          4    None
 Summon Ice Beast         Ice/Summ       ####....     10%         4    None
 Stone Arrow              Conj/Erth      ###...       11%         3    None
 Gell's Gravitas          Tloc           ##........   16%         3    None
 Petrify                  Tmut/Erth      ##......     45%         4    None
 Lee's Rapid Deconstruct  Erth           ##........   82%         5    ####...


Dungeon Overview and Level Annotations

Branches:
Dungeon (13/15)            Temple (0/1) D:6            Lair (1/6) D:10
    Orc (2/2) D:11            Elf (1/3) Orc:2        Vaults (0/5) D:13

Altars:
Ashenzari
Dithmenos
Kikubaaqudgha
Uskayaw
Vehumet
Xom
Yredelemnul
The Shining One
Beogh

Shops:
D:6 !   D:11 *   D:12 %}[=%   Orc:2 (([=

Annotations:
D:3 1 runed door, Bwemp's ghost, weakling DsWn
D:10 Fannar


Innate Abilities, Weirdness & Mutations

You heal slowly.
You have razor-sharp teeth.
You have supernaturally acute eyesight. (SInv)
You can survive without breathing.
You have a pair of small horns on your head.


Message History

The blink frog hits you!
* * * LOW HITPOINT WARNING * * *
The blink frog blinks!
You hit the blink frog but do no damage.
You drain the blink frog!
You bite the blink frog, but do no damage.
The blink frog is moderately wounded.
Your shadow hits the blink frog with a dagger.
The blink frog hits you!
* * * LOW HITPOINT WARNING * * *
The blink frog completely misses you.
Unknown command.
You hit the blink frog. You drain the blink frog!
The blink frog is heavily wounded.
The blink frog misses you. The blink frog completely misses you.
You miss the blink frog.
The blink frog is almost dead.
Your shadow closely misses the blink frog.
The blink frog is no longer blind.
The blink frog hits you!
You die...

## ##### #. ######...####
## ..### #......F....####.#
....####........@......####
#...P##.†......FF.##......#
##§§...............###....#
§.§§§§.#.#..#########...###
F.§########## #...## .#.#
### ###..##
#########.########...## #
##..........##....# ##
#................##


You could see 3 blink frogs.

Vanquished Creatures
  2 hydras
  2 death knights
  8 two-headed ogres
  An ogre mage (D:12)
  A dancing weapon (Elf:1)
  A deep elf knight (Elf:1)
  An unseen horror (D:10)
  A deep elf archer (Elf:1)
  A phantasmal warrior (D:13)
  3 deep elf magi
  An orc knight (Orc:2)
  An orc sorcerer (Orc:1)
  A manticore (D:13)
  A cyclops (D:12)
  3 ugly things
  An elephant (D:10)
  Maurice (Orc:2)
  A spiny frog (Lair:1)
  A gargoyle (D:12)
  An efreet (D:12)
  3 trolls
  Grinder (D:6)
  A wind drake (shapeshifter) (D:13)
  3 slime creatures (D:13)
  4 hippogriffs
  2 blink frogs (Lair:1)
  A blink frog (shapeshifter) (D:13)
  3 hogs (D:9)
  A shadow (D:13)
  2 wyverns
  A vampire (D:12)
  A wraith (D:13)
  10 yaks
  A basilisk (D:10)
  A human (D:9)
  2 hungry ghosts
  3 wargs
  2 water moccasins
  Duvessa (D:6)
  A porcupine (Lair:1)
  A black bear (D:5)
  5 ice beasts
  A sky beast (D:10)
  28 orc warriors
  2 necrophages
  7 ogres
  9 centaurs
  An elf zombie (D:8)
  2 crocodiles
  2 big kobolds
  12 bullfrogs
  A wyvern zombie (D:11)
  Dowan (D:6)
  3 scorpions
  3 killer bees (D:12)
  5 wights (D:8)
  An electric eel (Lair:1)
  2 howler monkeys
  6 crimson imps
  A bullfrog zombie (D:7)
  A centaur skeleton (D:6)
  3 jellies
  20 orc priests
  8 hounds
  28 orc wizards
  A bullfrog skeleton (D:6)
  A gnoll shaman (D:8)
  A human skeleton (D:8)
  Natasha (thrice) (D:2)
  Terence (D:2)
  An iguana (D:8)
  8 worker ants
  A killer bee zombie (D:7)
  A big kobold zombie (Ossuary)
  A hound skeleton (D:7)
  8 mummies (Ossuary)
  3 worker ant zombies
  A howler monkey skeleton (D:6)
  12 adders
  4 gnolls (D:8)
  A howler monkey zombie (D:6)
  A shadow imp (D:10)
  2 white imps
  2 adder zombies
  2 oozes (D:3)
  2 worms
  A dart slug (D:2)
  2 leopard geckos
  83 orcs
  4 bats
  5 giant cockroaches
  5 goblins
  2 hobgoblins (D:3)
  14 jackals
  5 kobolds
  4 quokkas
  A frilled lizard (D:1)
  A gnoll zombie (Ossuary)
  3 goblin skeletons (D:8)
  5 hobgoblin zombies
  4 kobold zombies
  6 orc skeletons (D:8)
  3 orc zombies
  4 rats
439 creatures vanquished.

Vanquished Creatures (collateral kills)
  Saint Roka (Orc:2)
  Donald (Orc:2)
  3 two-headed ogres
  An orc knight (Orc:1)
  6 orc warriors
  Blork the orc (D:6)
  3 orc priests (Orc:1)
  2 orc wizards (Orc:1)
  5 orcs
23 creatures vanquished.

Vanquished Creatures (others)
  6 dancing weapons
  An orc wizard (Orc:2)
  An orc (Orc:2)
  A plant (Lair:1)
9 creatures vanquished.

Grand Total: 471 creatures vanquished

Notes
Turn   | Place    | Note
-------+----------+-------------------------------------------
     0 | D:1      | emperorscorpion the Vampire Enchanter began the quest for
                  | the Orb.
     0 | D:1      | Reached XP level 1. HP: 13/13 MP: 3/3
   540 | D:1      | Reached XP level 2. HP: 19/19 MP: 5/5
   585 | D:1      | Learned a level 2 spell: Ensorcelled Hibernation
   902 | D:1      | Reached skill level 5 in Hexes
  1130 | D:2      | Noticed Natasha
  1143 | D:2      | Killed Natasha
  1143 | D:2      | Reached skill level 5 in Stealth
  1143 | D:2      | Reached XP level 3. HP: 6/24 MP: 6/6
  1194 | D:1      | Learned a level 3 spell: Dazzling Spray
  1871 | D:2      | Noticed Natasha
  2001 | D:2      | HP: 1/24 [Natasha/magic dart (6)]
  2002 | D:2      | Killed Natasha
  2002 | D:2      | Reached XP level 4. HP: 1/30 MP: 0/8
  2018 | D:2      | Noticed Natasha
  2408 | D:2      | Killed Natasha
  2522 | D:2      | Noticed Terence
  2529 | D:2      | Killed Terence
  2677 | D:2      | Found an ancient bone altar of Kikubaaqudgha.
  2683 | D:2      | Reached XP level 5. HP: 36/36 MP: 4/9
  3561 | D:3      | Noticed Bwemp's ghost (weakling DsWn)
  3563 | D:3      | Found a runed door.
  3605 | D:3      | Learned a level 3 spell: Confuse
  4161 | D:4      | Reached skill level 1 in Ice Magic
  4240 | D:4      | Found a shadowy altar of Dithmenos.
  4339 | D:4      | Became a worshipper of Dithmenos the Shadowed
  4685 | D:5      | Entered Level 5 of the Dungeon
  4687 | D:5      | Reached XP level 6. HP: 42/42 MP: 10/10
  5025 | D:5      | Found a shattered altar of Ashenzari.
  5149 | D:5      | Reached skill level 6 in Hexes
  5605 | D:6      | Reached XP level 7. HP: 38/47 MP: 1/12
  5704 | D:6      | Found Sevvaezabb's Distillery.
  5721 | D:6      | Found a staircase to the Ecumenical Temple.
  5792 | D:6      | Bought a potion of haste for 120 gold pieces
  6118 | D:5      | Reached * piety under Dithmenos
  6118 | D:5      | Reached skill level 1 in Fighting
  6313 | D:6      | Reached skill level 7 in Hexes
  6313 | D:6      | Reached XP level 8. HP: 52/54 MP: 8/14
  6329 | D:6      | Found a shimmering altar of Xom.
  6329 | D:6      | Found a shimmering altar of Xom.
  6329 | D:6      | Found a shimmering altar of Xom.
  6335 | D:6      | Found a shimmering altar of Xom.
  6506 | D:6      | Noticed Duvessa
  6512 | D:6      | Learned a level 3 spell: Tukima's Dance
  6527 | D:6      | Noticed Dowan
  6548 | D:6      | Killed Dowan
  6575 | D:6      | Killed Duvessa
  6644 | D:6      | Noticed Grinder
  6660 | D:6      | Killed Grinder
  6660 | D:6      | Reached skill level 10 in Stealth
  6732 | D:6      | Found a hide-covered altar of Uskayaw.
  6842 | D:6      | Reached skill level 5 in Spellcasting
  6883 | D:6      | Noticed Blork the orc
  6893 | D:6      | Killed Blork the orc
  6893 | D:6      | Reached skill level 8 in Hexes
  7245 | D:7      | Reached skill level 1 in Throwing
  7656 | D:7      | You fall through a shaft!
  7689 | D:8      | Reached XP level 9. HP: 59/59 MP: 17/17
  7731 | D:8      | Reached ** piety under Dithmenos
  7795 | D:8      | Reached skill level 9 in Hexes
  7966 | D:8      | Found a glowing golden altar of the Shining One.
  8037 | D:8      | Found a sand-covered staircase.
  8042 | Ossuary  | Entered an ossuary
  8229 | Ossuary  | Reached skill level 5 in Short Blades
  8787 | D:8      | Reached *** piety under Dithmenos
  8967 | D:8      | Reached skill level 10 in Hexes
  9436 | D:8      | Learned a level 5 spell: Yara's Violent Unravelling
  9899 | D:9      | Reached XP level 10. HP: 68/68 MP: 20/20
  9972 | D:9      | Noticed a two-headed ogre
  9972 | D:9      | Identified the cursed +1 dagger "Voigug" {drain, Fragile
                  | rElec Dex+4}
  9973 | D:9      | Reached skill level 11 in Hexes
 10010 | D:9      | Killed a two-headed ogre
 10014 | D:9      | Reached **** piety under Dithmenos
 10203 | D:9      | Reached skill level 12 in Hexes
 10514 | D:10     | Entered Level 10 of the Dungeon
 10908 | D:10     | Identified a scroll of acquirement
 10909 | D:10     | Got a transparent helmet
 10920 | D:10     | Identified the +0 helmet of a bailey {*Contam +Blink rPois
                  | Str-3} (You acquired it on level 10 of the Dungeon)
 10947 | D:10     | Noticed an unseen horror
 10952 | D:10     | Gained mutation: You have a pair of small horns on your
                  | head. [mutagenic glow]
 10956 | D:10     | Killed an unseen horror
 10956 | D:10     | Reached skill level 5 in Ice Magic
 10997 | D:10     | Noticed Fannar
 11284 | D:10     | Found a staircase to the Lair.
 11284 | D:10     | Noticed an elephant
 11315 | D:10     | Killed an elephant
 11315 | D:10     | Reached skill level 13 in Hexes
 11798 | D:11     | Noticed a two-headed ogre
 11800 | D:11     | Noticed a two-headed ogre
 11808 | D:11     | Killed a two-headed ogre
 11808 | D:11     | Reached XP level 11. HP: 74/74 MP: 23/23
 11814 | D:11     | Killed a two-headed ogre
 12010 | D:11     | Noticed a death knight
 12017 | D:11     | Killed a death knight
 12038 | D:11     | Noticed a brown ugly thing
 12049 | D:11     | Killed a brown ugly thing
 12382 | D:11     | Found a basalt altar of Yredelemnul.
 12713 | D:11     | Found a staircase to the Orcish Mines.
 12725 | D:11     | Found a roughly hewn altar of Beogh.
 12863 | D:11     | Noticed a four-headed hydra
 12866 | D:11     | Killed a four-headed hydra
 12866 | D:11     | Reached skill level 5 in Dodging
 12958 | D:11     | Found Meel's Evil Emporium.
 13060 | D:12     | Noticed a deep elf mage
 13067 | D:12     | Killed a deep elf mage
 13067 | D:12     | Reached skill level 14 in Hexes
 13081 | D:12     | Found Xoorump's Food Boutique.
 13221 | D:12     | Found Boticothri's Gadget Boutique.
 13260 | D:12     | Noticed an ogre mage
 13260 | D:12     | Noticed a two-headed ogre
 13262 | D:12     | Noticed a two-headed ogre
 13275 | D:12     | Killed a two-headed ogre
 13284 | D:12     | Killed a two-headed ogre
 13288 | D:12     | Noticed a two-headed ogre
 13307 | D:12     | Killed an ogre mage
 13307 | D:12     | Reached skill level 10 in Spellcasting
 13515 | D:12     | Noticed a brown ugly thing
 13543 | D:11     | Killed a brown ugly thing
 14220 | D:12     | Found Coacamm's Food Emporium.
 14221 | D:12     | Noticed a white ugly thing
 14232 | D:12     | Killed a white ugly thing
 14364 | D:12     | Noticed a two-headed ogre
 14367 | D:12     | Found Fopnumur's Armour Shop.
 14383 | D:12     | Killed a two-headed ogre
 14383 | D:12     | Reached XP level 12. HP: 81/81 MP: 25/26
 14386 | D:12     | Killed a two-headed ogre
 14386 | D:12     | Reached skill level 1 in Conjurations
 14386 | D:12     | Reached skill level 15 in Hexes
 14903 | D:12     | Found Oruomoik's Jewellery Emporium.
 15024 | D:13     | Noticed a two-headed ogre
 15032 | D:13     | Killed a two-headed ogre
 15356 | D:13     | Reached ***** piety under Dithmenos
 15411 | D:13     | Noticed a two-headed ogre
 15421 | D:13     | Killed a two-headed ogre
 15583 | D:13     | Noticed a death knight
 15605 | D:13     | Killed a death knight
 15655 | D:13     | Found a gate to the Vaults.
 15661 | D:13     | HP: 3/82 [wind drake (shapeshifter)/the air (5)]
 16122 | D:13     | Noticed a two-headed ogre
 16136 | D:13     | Killed a two-headed ogre
 16211 | D:13     | Noticed a centaur warrior
 16263 | D:13     | Noticed a four-headed hydra
 16275 | D:13     | Reached skill level 16 in Hexes
 16343 | Orc:1    | Entered Level 1 of the Orcish Mines
 16667 | Orc:1    | Noticed a two-headed ogre
 16684 | Orc:1    | Killed a two-headed ogre
 16689 | Orc:1    | Learned a level 3 spell: Regeneration
 17145 | Orc:2    | Entered Level 2 of the Orcish Mines
 17521 | Orc:2    | Noticed Maurice
 17528 | Orc:2    | Killed Maurice
 17783 | Orc:2    | Noticed Donald
 17796 | Orc:2    | Killed Donald
 17796 | Orc:2    | Reached XP level 13. HP: 88/88 MP: 26/28
 17870 | D:12     | Identified the cursed +3 dagger of Ukhloubra {drain, rC+}
                  | (You found it on level 12 of the Dungeon)
 18031 | Orc:2    | Found a roughly hewn altar of Beogh.
 18032 | Orc:2    | Found Pesileps's Jewellery Boutique.
 18140 | Orc:2    | Found a roughly hewn altar of Beogh.
 18178 | Orc:2    | Found a roughly hewn altar of Beogh.
 18198 | Orc:2    | Reached ****** piety under Dithmenos
 18431 | Orc:2    | Found a roughly hewn altar of Beogh.
 18502 | Orc:2    | Found a roughly hewn altar of Beogh.
 18508 | Orc:2    | Found Devewuuxi's Antique Weapon Emporium.
 18604 | Orc:2    | Found a staircase to the Elven Halls.
 18755 | Orc:2    | Noticed Saint Roka
 18862 | Orc:2    | Killed Saint Roka
 18862 | Orc:2    | Reached skill level 17 in Hexes
 19100 | Orc:2    | Found Biti's Antique Weapon Shoppe.
 19225 | Orc:2    | Found Wexkim's Antique Armour Emporium.
 19227 | Orc:2    | Found a roughly hewn altar of Beogh.
 19324 | Elf:1    | Entered Level 1 of the Elven Halls
 19340 | Elf:1    | Found a radiant altar of Vehumet.
 19447 | Lair:1   | Entered Level 1 of the Lair of Beasts
 20127 | Lair:1   | Slain by a blink frog

Vault maps used:
D:1:      dpeg_arrival_another_circle
D:2:      lemuel_round_altar, first_ration, uniq_natasha, uniq_terence
D:3:      gammafunk_ghost_grave
D:4:      kennysheep_mini
D:5:      ashenzari_altar_1
D:6:      lemuel_coloured_pillars_altar, minmay_temple_entry_proselytizer,
          serial_shops, shop, xom_redecorated, uniq_blork_the_orc, uniq_grinder,
          uniq_duvessa
D:7:      nicolae_overflow_hidden_temple
D:8:      nicolae_tso_besieged_by_evil, nicolae_ossuary_entry_catacombs
D:9:      grunt_livestock, minmay_alternating_orb
D:10:     david_lair_generic, uniq_fannar
D:11:     minmay_orc_entry_temple_small, nicolae_evil_shop
D:12:     serial_shops, nicolae_shop_temple_entry_statues_fountains, shop,
          kennysheep_little_box, kennysheep_mini_moat, nicolae_shop_crystal,
          minmay_fire_ice_demons
D:13:     david_vaults_2
Lair:1:   wad_woods_river_03
Orc:1:    nicolae_orc_sculptors_studio
Orc:2:    grunt_orc_community_town_hall, grunt_orc_community_big_house_1,
          grunt_orc_community_big_house_2, grunt_orc_community_house_2,
          grunt_orc_community_house_1, grunt_orc_community_house_1,
          grunt_orc_community_house_3, grunt_orc_community_house_2,
          grunt_orc_community_house_2, uniq_donald, uniq_maurice
Elf:1:    eino_elf_arrival_altar, serial_shops, shop, evilmike_minifort,
          billiards_dpeg
Ossuary:  ossuary_tomb_3

Skill      XL: |  1  2  3  4  5  6  7  8  9 10 11 12 13 |
---------------+----------------------------------------+-----
Hexes          | 5 6 7 8 10 13 14 16 17 | 17.6
Stealth        | 5 6 7 8 9 10 | 10.0
Spellcasting   | 3 4 5 7 8 10 11 12 | 12.2
Dodging        | 3 4 5 6 |  6.2
Ice Magic      | 1 2 3 5 6 7 |  7.9
Short Blades   | 2 4 5 6 7 |  7.7
Fighting       | 1 2 3 4 |  4.2
Throwing       | 1 |  1.7
Conjurations   | 1 |  1.6
Charms         | |  0.5
Necromancy     | |  0.2
Evocations     | |  0.2

Action                   |  1- 3 |  4- 6 |  7- 9 | 10-12 | 13-15 || total
-------------------------+-------+-------+-------+-------+-------++-------
Melee: Dagger            |    67 |    82 |   377 |   333 |   148 ||  1007
       Bite              |     2 |     2 |    34 |    28 |    12 ||    78
       Headbutt          |       |       |       |    40 |    18 ||    58
Throw: Tomahawk          |       |       |     7 |     6 |       ||    13
 Cast: Corona            |     6 |       |       |       |       ||     6
       Ensorcelled Hiber |     8 |    31 |    73 |   118 |    42 ||   272
       Confuse           |       |     4 |    53 |    67 |     7 ||   131
       Tukima's Dance    |       |       |     3 |    23 |     8 ||    34
       Dazzling Spray    |       |       |     1 |    28 |    18 ||    47
       Regeneration      |       |       |       |     1 |     1 ||     2
Evoke: Wand              |       |       |       |     1 |     3 ||     4
  Use: Scroll            |     2 |     4 |    13 |     8 |     1 ||    28
       Potion            |     3 |     1 |     4 |    14 |     2 ||    24
 Stab: Sleeping          |     7 |    36 |    78 |    92 |    52 ||   265
       Confused          |       |     2 |    40 |    33 |     3 ||    78
       Distracted        |       |       |       |     6 |       ||     6
       Invisible         |       |       |       |     3 |     5 ||     8
Armor: Robe              |    16 |    25 |    56 |    32 |    11 ||   140
Dodge: Dodged            |    34 |    42 |   234 |   199 |   104 ||   613

Table legend:
 A = Non-vault XP
 B = Vault XP
 C = Vault XP percentage of total XP
 D = Non-vault monster count
 E = Vault monster count
 F = Vault count percentage of total count
                 A         B        C        D         E       F
            +---------+---------+-------+---------+---------+-------
      Total |   35805 |   15526 |  30.2 |     307 |     156 |  33.7
            +---------+---------+-------+---------+---------+-------
        D:1 |      19 |       0 |   0.0 |      11 |       0 |   0.0
        D:2 |     104 |      73 |  41.2 |       7 |       2 |  22.2
        D:3 |      76 |       0 |   0.0 |      20 |       0 |   0.0
        D:4 |      81 |       0 |   0.0 |       4 |       0 |   0.0
        D:5 |     502 |       0 |   0.0 |      12 |       0 |   0.0
        D:6 |     765 |     556 |  42.1 |      27 |       5 |  15.6
        D:7 |     463 |       0 |   0.0 |      11 |       0 |   0.0
        D:8 |    1669 |     165 |   9.0 |      36 |      18 |  33.3
        D:9 |    1622 |    2125 |  56.7 |      20 |      18 |  47.4
       D:10 |    1606 |     938 |  36.9 |      14 |       4 |  22.2
       D:11 |    4786 |     347 |   6.8 |      22 |       7 |  24.1
       D:12 |    8101 |      60 |   0.7 |      29 |       2 |   6.5
       D:13 |    6535 |     531 |   7.5 |      23 |       2 |   8.0
     Lair:1 |    3300 |       0 |   0.0 |      13 |       0 |   0.0
      Orc:1 |    2939 |       0 |   0.0 |      29 |       0 |   0.0
      Orc:2 |    2559 |    7775 |  75.2 |      28 |      78 |  73.6
      Elf:1 |     678 |    2782 |  80.4 |       1 |       4 |  80.0
    Ossuary |       0 |     174 | 100.0 |       0 |      16 | 100.0
            +---------+---------+-------+---------+---------+-------
